Map: [ESL] Cosmic Sapphire

Players

Namshar - Winner!

  • Race: Zerg Zerg
  • Spawn Location: 11:00

PiLiPiLi

  • Race: Protoss Protoss
  • Spawn Location: 5:00

Event: DreamHack SC2 Masters 2022 Atlanta (Online)

VOD

Have the link to the VOD?

Description

Time

  • Played on: Oct. 5, 2022, 4:14 p.m.
  • Length: 17:25

All games in this series

Show
View Real Time Build Order
Export as new Build Order

Namshar Zerg - Winner!

Build Orders: Hatch First 

Get SALT Encoding   

  12  0:00  Drone  
  13  0:12  Overlord  
  13  0:17  Drone  
  14  0:30  Drone x2  
  16  0:47  Hatchery  
  15  0:51  Drone  
  15  0:54  Drone  
  17  0:58  Drone  
  18  1:08  Extractor  
  17  1:12  Spawning Pool  
  17  1:15  Drone  
  17  1:19  Drone  
  18  1:28  Drone  
  19  1:40  Drone  
  20  1:49  Drone  
  21  1:59  Queen x2  
  21  2:00  Zergling x2, Overlord  
  26  2:10  Drone  
  26  2:11  Drone  
  28  2:21  Drone  
  28  2:22  Drone  
  30  2:28  Evolution Chamber  
  29  2:32  Drone  
  29  2:34  Drone  
  31  2:40  Hatchery  
  31  2:44  Overlord  
  30  2:45  Drone  
  31  2:54  Metabolic Boost, Zerg Melee Weapons Level 1  
  31  2:56  Zergling x2  
  32  3:04  Drone x2  
  32  3:05  Drone  
  35  3:10  Drone x2  
  37  3:13  Queen  
  37  3:18  Drone  
  37  3:19  Drone  
  41  3:21  Zergling x2  
  41  3:22  Zergling x2  
  41  3:29  Drone  
  41  3:32  Drone  
  41  3:36  Drone  
  41  3:45  Drone  
  41  3:46  Drone  
  41  3:47  Overlord  
  43  3:58  Overlord x2  
  43  4:03  Baneling Nest  
  42  4:15  Drone x7  
  42  4:16  Drone  
  50  4:22  Spore Crawler  
  49  4:24  Drone x5  
  49  4:28  Spore Crawler  
  49  4:30  Spore Crawler  
  50  4:34  Spore Crawler  
  50  4:37  Zergling x4  
  50  4:38  Zergling x2  
  53  4:48  Zergling x8  
  57  4:54  Overlord x2  
  57  4:59  Drone  
  62  5:00  Drone x4  
  62  5:01  Extractor  
  62  5:02  Extractor  
  60  5:12  Zergling x8  
  61  5:23  Zergling x16  
  61  5:27  Zergling x2  
  65  5:38  Drone x5  
  65  5:40  Spore Crawler  
  69  5:46  Lair, Zerg Ground Armor Level 1  
  69  5:55  Drone  
  69  5:56  Drone x7  
  72  6:07  Evolution Chamber  
  72  6:11  Drone x9, Roach Warren  
  72  6:13  Extractor  
  72  6:14  Extractor  
  75  6:25  Drone x2  
  75  6:26  Drone x4  
  80  6:32  Extractor  
  80  6:33  Hatchery  
  80  6:39  Drone x3  
  81  6:43  Overlord x2  
  81  6:44  Overlord  
  81  6:47  Spire  
  81  6:51  Baneling x8  
  80  7:00  Glial Reconstitution  
  80  7:01  Zerg Melee Weapons Level 2  
  80  7:09  Queen  
  75  7:18  Drone x2  
  75  7:20  Drone  
  75  7:21  Drone x2  
  75  7:22  Spore Crawler  
  79  7:23  Drone x3  
  79  7:24  Spore Crawler  
  79  7:26  Overlord x3  
  81  7:34  Overlord x3  
  81  7:36  Overlord x3  
  79  7:41  Overlord  
  79  7:42  Overlord x2  
  79  7:46  Spore Crawler  
  76  7:58  Overlord  
  76  8:01  Overlord x2  
  76  8:02  Queen x2  
  76  8:04  Zergling x14  
  87  8:07  Overlord  
  87  8:08  Overlord  
  87  8:14  Overlord  
  87  8:15  Zerg Flyer Weapons Level 1  
  87  8:17  Overlord  
  87  8:19  Overlord  
  87  8:24  Spore Crawler  
  87  8:26  Spore Crawler  
  85  8:34  Baneling x7  
  85  8:41  Overlord  
  85  8:49  Corruptor  
  85  8:50  Corruptor x6  
  85  8:52  Centrifugal Hooks  
  97  9:01  Corruptor  
  97  9:02  Corruptor  
  94  9:12  Overlord  
  94  9:13  Corruptor x4  
  94  9:16  Corruptor  
  104  9:25  Corruptor x2  
  108  9:32  Drone x7  
  108  9:37  Zergling x12  
  117  9:48  Roach x6  
  129  9:53  Queen  
  129  9:56  Baneling  
  129  9:57  Baneling x8  
  129  9:59  Baneling  
  131  10:00  Baneling  
  131  10:01  Baneling x6  
  131  10:03  Roach x3  
  137  10:08  Zerg Ground Armor Level 2  
  137  10:11  Zerg Flyer Weapons Level 2  
  137  10:20  Zergling x14, Roach  
  137  10:30  Roach x6  
  137  10:33  Zerg Missile Weapons Level 1  
  149  10:37  Extractor  
  148  10:45  Hatchery  
  148  10:48  Zergling x2  
  148  10:49  Zergling x18  
  156  10:57  Drone x6  
  156  11:06  Drone x2  
  156  11:07  Drone x2  
  156  11:08  Spore Crawler  
  151  11:13  Corruptor x3  
  157  11:22  Corruptor x2  
  157  11:25  Roach x2  
  158  11:26  Roach  
  158  11:28  Baneling x2  
  158  11:29  Baneling x7  
  158  11:32  Baneling x7  
  150  11:35  Baneling  
  150  11:37  Ravager x2  
  152  11:44  Roach x5  
  152  11:47  Zergling x4, Roach  
  152  11:48  Zergling x6  
  152  11:50  Roach  
  152  11:52  Zergling x2  
  152  11:53  Zergling x2, Roach  
  151  11:58  Zergling x8, Roach  
  152  12:05  Ravager x2  
  152  12:07  Baneling x3, Ravager  
  148  12:21  Roach x3  
  148  12:22  Roach x4  
  157  12:24  Zergling x2  
  157  12:25  Zergling x4  
  157  12:26  Zergling x2  
  157  12:32  Hatchery  
  157  12:33  Zergling x6  
  157  12:36  Zergling x4  
  160  12:39  Overlord  
  160  12:41  Overlord  
  160  12:44  Zerg Missile Weapons Level 2  
  159  12:59  Ravager x8  
  159  13:02  Zergling x16  
  175  13:09  Zergling x6  
  175  13:10  Zergling x8  
  175  13:18  Ravager  
  175  13:19  Ravager x3  
  175  13:21  Overlord  
  175  13:22  Overlord x3  
  175  13:26  Ravager x2  
  171  13:32  Zergling x8  
  169  13:50  Zergling x6  
  169  13:51  Zergling x16  
  178  13:56  Hatchery  
  176  14:10  Baneling x6  
  176  14:11  Baneling x3  
  176  14:12  Zergling x2, Hatchery, Roach  
  176  14:13  Zergling x10  
  177  14:20  Zergling x8  
  180  14:34  Zergling x10  
  177  14:41  Zergling x6  
  174  14:49  Zergling x2  
  174  14:50  Zergling x10  
  175  14:54  Hatchery  
  167  15:14  Queen  
  169  15:27  Zergling x38  
  188  15:31  Baneling x22  
  188  15:32  Baneling x23  
  188  15:33  Baneling x6  
  188  15:42  Drone x5  
  177  15:58  Spore Crawler  
  177  16:03  Zergling x28, Roach  
  172  16:06  Zergling x2  
  172  16:07  Zergling x2  
  161  16:12  Zergling x10, Roach  
  164  16:21  Zergling x18, Roach  
  169  16:28  Spore Crawler  
  168  16:33  Zergling x14, Roach  
  170  16:44  Zergling x4, Roach  
  170  16:45  Zergling x10  
  169  16:48  Ravager x2  
  169  16:53  Baneling  
  169  16:54  Baneling x12  
  169  16:56  Ravager  
  161  17:05  Zergling x2, Roach  
  161  17:06  Zergling x26  
Show
View Real Time Build Order
Export as new Build Order

PiLiPiLi Protoss 

Build Orders: 1 Gate Expand, Oracle Opening, Phoenix Opening 

Get SALT Encoding   

  12  0:00  Probe  
  13  0:12  Probe  
  14  0:20  Pylon  
  14  0:24  Probe  
  15  0:38  Probe (Chrono Boost), Gateway  
  16  0:48  Probe (Chrono Boost), Assimilator  
  17  0:53  Probe (Chrono Boost)  
  18  1:04  Probe  
  19  1:16  Probe  
  20  1:23  Nexus  
  20  1:33  Cybernetics Core  
  20  1:36  Probe  
  21  1:41  Assimilator  
  21  1:48  Probe  
  21  1:52  Pylon  
  22  2:00  Probe  
  23  2:07  Adept (Chrono Boost)  
  23  2:12  Probe  
  26  2:18  Stargate  
  26  2:24  Probe  
  26  2:28  Warp Gate  
  26  2:29  Adept (Chrono Boost)  
  27  2:36  Probe  
  31  2:37  Probe  
  31  2:49  Probe x2  
  33  2:58  Adept  
  33  3:01  Phoenix (Chrono Boost), Probe x2  
  39  3:09  Pylon  
  39  3:13  Probe x2  
  41  3:25  Probe x2  
  41  3:36  Oracle (Chrono Boost)  
  41  3:37  Probe x2  
  46  3:43  Shield Battery  
  46  3:46  Gateway  
  46  3:49  Probe x2  
  46  3:51  Assimilator  
  46  3:53  Assimilator  
  48  4:01  Probe x2  
  50  4:06  Oracle, Pylon  
  53  4:10  Pylon  
  53  4:13  Probe  
  54  4:24  Probe  
  54  4:25  Adept  
  54  4:27  Pylon  
  57  4:33  Probe  
  57  4:36  Probe  
  59  4:43  Phoenix  
  59  4:44  Adept  
  63  4:45  Probe  
  63  4:50  Adept  
  63  4:51  Probe  
  67  4:57  Stargate  
  67  4:59  Stargate  
  67  5:01  Probe  
  67  5:02  Nexus  
  67  5:03  Pylon  
  68  5:11  Phoenix  
  68  5:12  Probe  
  71  5:17  Protoss Air Weapons Level 1  
  71  5:22  Adept x2  
  75  5:35  Probe  
  72  5:38  Phoenix  
  72  5:41  Probe  
  75  5:43  Phoenix x2  
  75  5:44  Pylon  
  75  5:47  Probe  
  75  5:48  Shield Battery  
  80  5:50  Adept x2  
  80  5:53  Probe  
  81  5:59  Probe  
  81  6:01  Shield Battery  
  80  6:05  Probe  
  80  6:06  Phoenix  
  80  6:08  Forge  
  83  6:12  Adept x2  
  83  6:14  Probe  
  83  6:15  Probe  
  83  6:17  Phoenix (Chrono Boost)  
  87  6:26  Probe  
  87  6:28  Phoenix (Chrono Boost), Probe  
  87  6:29  Probe  
  87  6:31  Phoenix (Chrono Boost)  
  94  6:36  Pylon  
  94  6:38  Probe  
  95  6:40  Probe  
  95  6:41  Probe  
  95  6:42  Phoenix (Chrono Boost)  
  99  6:51  Phoenix  
  99  6:52  Pylon  
  101  6:57  Adept  
  101  6:58  Zealot  
  101  6:59  Probe, Assimilator  
  101  7:00  Probe  
  101  7:01  Probe  
  108  7:05  Assimilator  
  108  7:11  Probe  
  108  7:12  Photon Cannon  
  103  7:15  Photon Cannon  
  103  7:18  Photon Cannon  
  103  7:19  Photon Cannon  
  103  7:21  Photon Cannon  
  101  7:24  Sentry  
  101  7:26  Sentry  
  105  7:32  Phoenix x2  
  105  7:41  Gateway  
  105  7:42  Gateway  
  105  7:46  Gateway  
  99  8:09  Phoenix  
  99  8:10  Phoenix x2  
  99  8:12  Protoss Ground Weapons Level 1 (Chrono Boost), Twilight Council  
  105  8:15  Probe x2, Gateway  
  105  8:16  Gateway  
  105  8:19  Gateway  
  107  8:30  Zealot  
  107  8:31  Zealot, Probe x2  
  113  8:36  Phoenix x2  
  117  8:46  Charge (Chrono Boost), Pylon  
  117  8:49  Pylon  
  117  8:51  Templar Archives  
  113  8:57  Gateway  
  113  9:02  Photon Cannon  
  109  9:12  Zealot x5  
  109  9:13  Zealot x2  
  109  9:16  Pylon  
  123  9:23  Photon Cannon  
  123  9:32  Phoenix x2  
  123  9:34  High Templar x2  
  123  9:35  High Templar x2  
  123  9:36  Zealot  
  133  9:46  Archon x2  
  133  9:47  Zealot x3  
  139  9:53  Phoenix  
  139  9:55  Shield Battery  
  139  9:57  Phoenix  
  143  10:03  Zealot x2  
  147  10:12  Stalker  
  149  10:18  Pylon  
  149  10:21  Pylon  
  123  10:22  Pylon  
  121  10:31  Stalker x6  
  133  10:42  High Templar x2  
  137  10:46  Blink (Chrono Boost)  
  137  10:47  Archon  
  137  10:52  Nexus  
  135  11:10  Stalker  
  135  11:11  Nexus, Stalker x4  
  142  11:21  Stalker x2  
  146  11:32  Stalker  
  146  11:33  Stalker  
  146  11:35  High Templar x2  
  146  11:39  Archon  
  108  12:01  Stalker x5  
  116  12:15  Stalker x3  
  106  12:38  Stalker  
  106  12:39  Stalker x5  
  118  12:50  Stalker x3  
  124  13:02  Stalker x3  
  126  13:26  Stalker x7  
  136  13:53  Stalker x8  
  152  14:06  Psionic Storm  
  150  14:19  Nexus  
  150  14:24  High Templar x4  
  128  15:01  Stalker x8  
  130  15:08  Pylon  
  128  15:20  Stalker  
  130  15:27  Stalker  
  130  15:28  Stalker x4  
  136  15:34  Shield Battery  
  136  15:36  High Templar x2  
  136  15:42  Stalker  
  128  16:03  Stalker x2  
  128  16:04  Stalker  
  100  16:37  Stalker x4  
  100  16:38  Stalker x2  
  106  16:54  Assimilator  
  106  16:58  Assimilator  
  104  17:02  Photon Cannon  
  104  17:04  Stalker  
  104  17:05  Stalker x5  
  116  17:09  Archon  
  116  17:13  Archon  
Tags
 
Add a new tag
Caveats
  • Supply blocks, unpowered buildings, or Contaminate may cause inaccurate times.
  • Supply counts are checked every 10 seconds.